 Dungeon Crawl Stone Soup version 0.20.1-1-g8b1a95d66d (webtiles) character file.

1823 Crag the Spear-Bearer (level 8, -2/67 HPs)
             Began as a Demonspawn Fighter on Nov 26, 2017.
             Slain by Prince Ribbit (4 damage)
             ... on level 6 of the Dungeon on Nov 27, 2017.
             The game lasted 00:27:29 (5492 turns).

Crag the Spear-Bearer (Demonspawn Fighter)          Turns: 5492, Time: 00:27:30

Health: -2/67      AC:  9    Str: 24    XL:     8   Next: 85%
Magic:  8/8        EV:  9    Int:  9    God:
Gold:   267        SH: 10    Dex: 13    Spells: 7/7 levels left

rFire    + . .     SeeInvis .   a - +1 trident
rCold    + . .     Gourm    .   c - +0 shield
rNeg     . . .     Faith    .   r - +1 leather armour {rF+}
rPois    .         Spirit   .   (helmet restricted)
rElec    .         Reflect  .   j - +0 cloak
rCorr    .         Harm     .   (no gloves)
MR       ++...                  m - +1 pair of boots
Stlth    +.........             y - amulet of regeneration
Regen    0.7/turn               n - ring of protection from magic
MPRegen  0.2/turn               i - ring of protection from magic

@: mighty, drained
A: antennae 1, rugged brown scales 2, cold resistance 1, demonic guardian 1
a: no special abilities


You were on level 6 of the Dungeon.
You were not hungry.

You visited 2 branches of the dungeon, and saw 7 of its levels.
You also visited: Sewer.

You collected 267 gold pieces.

Inventory:

Hand Weapons
 a - a +1 trident (weapon)
 I - a +4 trident
Armour
 b - a +0 scale mail
 c - a +0 shield (worn)
 h - a +1 robe of cold resistance
 j - a +0 cloak (worn)
 m - a +1 pair of boots (worn)
 r - a +1 leather armour of fire resistance (worn)
Jewellery
 i - a ring of protection from magic (right hand)
 n - a ring of protection from magic (left hand)
 y - an amulet of regeneration (around neck)
Wands
 z - a wand of acid (10/15)
 A - a wand of random effects (7/48)
 E - a wand of digging (11/24)
 H - a wand of random effects (29/48)
Scrolls
 e - 3 scrolls of amnesia
 g - 2 scrolls of identify
 q - 2 scrolls of teleportation
 t - 4 scrolls of magic mapping
 v - 2 scrolls of remove curse
 C - a scroll of brand weapon {unknown}
 D - a scroll of immolation {unknown}
 F - a scroll of random uselessness {unknown}
Potions
 d - a potion of might
 k - a potion of heal wounds {unknown}
 l - a potion of cancellation {unknown}
 p - a potion of curing {unknown}
 s - a potion of degeneration {unknown}
 u - 2 potions of resistance {unknown}
 B - a potion of agility {unknown}
Comestibles
 f - 4 bread rations
 o - 5 royal jellies
 w - 2 meat rations
 x - 3 chunks of flesh
 G - a fruit


   Skills:
 + Level 6.1(5.6) Fighting
 * Level 8.1(7.5) Polearms
 + Level 4.1(3.6) Armour
 + Level 2.0(1.5) Dodging
 + Level 3.9(3.4) Shields


You had 7 spell levels left.
You didn't know any spells.

Dungeon Overview and Level Annotations

Branches:
Dungeon (6/15)             Temple (1/1) D:5

Altars:
Ashenzari
Cheibriados
Dithmenos
Elyvilon
Fedhas
Gozag
Kikubaaqudgha
Makhleb
Nemelex Xobeh
Okawaru
Qazlal
Ru
Sif Muna
Trog
Uskayaw
Xom
Yredelemnul
Zin
The Shining One
Lugonu

Annotations:
D:6 Prince Ribbit


Innate Abilities, Weirdness & Mutations

You have a pair of small antennae on your head.
You are mostly covered in rugged brown scales. (AC +2, +5% HP)
Your flesh is cold resistant. (rC+)
A weak demonic guardian rushes to your aid.


Message History

Prince Ribbit is severely wounded.
Prince Ribbit catches a fly with his tongue.
Prince Ribbit hits you!
Your iron imp closely misses Prince Ribbit.
Attack whom?
Press: ? - help, Dir - move target cursor, f/p - Prince Ribbit
Aim: Prince Ribbit (severely wounded)
Your shield prevents you from hitting Prince Ribbit.
Prince Ribbit is severely wounded.
Prince Ribbit hits you!
* * * LOW HITPOINT WARNING * * *
Prince Ribbit hits you.
* * * LOW HITPOINT WARNING * * *
Your iron imp completely misses Prince Ribbit.
You feel very mighty all of a sudden. Prince Ribbit hits you!
* * * LOW HITPOINT WARNING * * *
Your iron imp barely misses Prince Ribbit.
Prince Ribbit hits you.
You die...

.####...............#
...................##
#..................#
#####.............##
#..<..........#
#............##
###.........#
##.....#).#
########@## #F5#
##...# ....# ......#
....... .......
....... .......


You could see Prince Ribbit and a friendly iron imp.

Vanquished Creatures
  Sigmund (D:5)
  An ice beast (D:5)
  A centaur (D:4)
  2 bullfrogs (Sewer)
  A scorpion (D:5)
  5 wights (D:6)
  A crimson imp (D:5)
  A bullfrog zombie (D:6)
  2 orc wizards
  3 orc priests
  A centaur skeleton (D:5)
  An iguana (D:5)
  9 worker ants
  A hound skeleton (D:4)
  Robin (D:4)
  10 adders
  A shadow imp (D:5)
  7 oozes (Sewer)
  An adder zombie (D:5)
  2 adder skeletons
  3 worms
  13 leopard geckos
  11 orcs
  6 ball pythons
  15 giant cockroaches
  13 goblins
  7 hobgoblins
  17 jackals
  3 quokkas
  8 bats
  14 frilled lizards
  A jackal skeleton (D:5)
  5 kobolds
  A leopard gecko zombie (D:6)
  3 rats
172 creatures vanquished.

Vanquished Creatures (collateral kills)
  Grinder (D:3)
  The ghost of Crag the Insei, an amateur DsMo (D:4)
  A water moccasin skeleton (D:5)
  2 wights (D:6)
  Ijyb (D:4)
  4 orc wizards
  A worker ant (D:5)
  2 orcs
  A giant cockroach (D:3)
14 creatures vanquished.

Vanquished Creatures (others)
  4 toadstools (D:1)
4 creatures vanquished.

Grand Total: 190 creatures vanquished

Notes
Turn   | Place    | Note
-------+----------+-------------------------------------------
     0 | D:1      | Crag the Demonspawn Fighter began the quest for the Orb.
     0 | D:1      | Reached XP level 1. HP: 18/18 MP: 1/1
   118 | D:1      | Reached skill level 2 in Polearms
   353 | D:1      | Gained mutation: You are partially covered in rugged brown scales. (AC +1, +3% HP) [demonic ancestry]
   353 | D:1      | Reached XP level 2. HP: 15/24 MP: 2/2
   752 | D:1      | Reached skill level 3 in Polearms
   774 | D:1      | Gained mutation: You are mostly covered in rugged brown scales. (AC +2, +5% HP) [demonic ancestry]
   774 | D:1      | Reached XP level 3. HP: 21/30 MP: 3/3
  1945 | D:3      | Reached skill level 4 in Polearms
  1945 | D:3      | Gained mutation: A weak demonic guardian rushes to your aid. [demonic ancestry]
  1945 | D:3      | Reached XP level 4. HP: 28/36 MP: 4/4
  2125 | D:3      | Noticed Grinder
  2151 | D:3      | Killed Grinder
  2151 | D:3      | Reached skill level 5 in Polearms
  2151 | D:3      | Reached XP level 5. HP: 43/43 MP: 5/5
  2907 | D:4      | Gained mutation: Your flesh is cold resistant. (rC+) [demonic ancestry]
  2907 | D:4      | Reached XP level 6. HP: 27/49 MP: 6/6
  3060 | D:4      | Found a shattered altar of Ashenzari.
  3183 | D:4      | Noticed Crag's ghost (amateur DsMo)
  3184 | D:4      | Noticed Ijyb
  3199 | D:4      | Killed Ijyb
  3201 | D:4      | Killed Crag's ghost
  3201 | D:4      | Reached skill level 6 in Polearms
  3251 | D:4      | Found a basalt altar of Yredelemnul.
  3355 | D:4      | Found a hide-covered altar of Uskayaw.
  3356 | D:4      | Found a glowing silver altar of Zin.
  3357 | D:4      | Found a shimmering altar of Xom.
  3364 | D:4      | Found a stormy altar of Qazlal.
  3366 | D:4      | Found a glowing golden altar of the Shining One.
  3410 | D:4      | Noticed Robin
  3413 | D:4      | Killed Robin
  3469 | D:4      | Gained mutation: You have a pair of small antennae on your head. [demonic ancestry]
  3469 | D:4      | Reached XP level 7. HP: 55/55 MP: 7/7
  3584 | D:4      | Found a shadowy altar of Dithmenos.
  3897 | D:5      | Entered Level 5 of the Dungeon
  3949 | D:5      | Found a staircase to the Ecumenical Temple.
  4065 | D:5      | Reached skill level 5 in Fighting
  4065 | D:5      | Reached skill level 7 in Polearms
  4093 | D:5      | Found a deep blue altar of Sif Muna.
  4157 | Temple   | Entered the Ecumenical Temple
  4339 | D:5      | Found a glowing drain.
  4354 | Sewer    | Entered a sewer
  4443 | Sewer    | Reached XP level 8. HP: 66/66 MP: 8/8
  4729 | D:5      | Reached skill level 1 in Dodging
  4920 | D:5      | Noticed Sigmund
  4934 | D:5      | Killed Sigmund
  5374 | D:6      | Found a sparkling altar of Nemelex Xobeh.
  5384 | D:6      | Reached skill level 8 in Polearms
  5480 | D:6      | Noticed Prince Ribbit
  5491 | D:6      | HP: 1/67 [Prince Ribbit (15)]
  5492 | D:6      | Slain by Prince Ribbit

Skill      XL: |  1  2  3  4  5  6  7  8 |
---------------+-------------------------+-----
Polearms       | 2 3 4 5 6 7 8 |  8.1
Armour         | 3 4 |  4.1
Shields        | 3 |  3.9
Fighting       | 5 6 |  6.1
Dodging        | 2 |  2.0

Action                   |  1- 3 |  4- 6 |  7- 9 || total
-------------------------+-------+-------+-------++-------
Melee: Trident           |   156 |   178 |   403 ||   737
  Use: Scroll            |     4 |     4 |       ||     8
       Potion            |     1 |       |     1 ||     2
 Stab: Distracted        |       |     3 |     1 ||     4
       Sleeping          |       |       |     2 ||     2
  Eat: Chunk             |     3 |     6 |     7 ||    16
Armor: Scale mail        |    73 |    25 |       ||    98
       Leather armour    |       |    32 |   117 ||   149
Dodge: Dodged            |    40 |    42 |    99 ||   181
Block: Shield            |    78 |    61 |   158 ||   297
